 Dungeon Crawl Stone Soup version 0.22-a0-538-g76cc104 (webtiles) character file.

9083 Hebeh the Cleaver (level 11, -2/99 HPs)
             Began as a Minotaur Fighter on June 23, 2018.
             Was an Elder of Trog.
             Slain by a hornet (7 damage)
             ... on level 10 of the Dungeon.
             The game lasted 00:41:31 (9775 turns).

Hebeh the Cleaver (Minotaur Fighter)                Turns: 9775, Time: 00:41:32

Health: -2/99      AC: 15    Str: 25    XL:     11   Next: 18%
Magic:  10/10      EV:  4    Int:  5    God:    Trog [****..]
Gold:   556        SH: 18    Dex:  9    Spells: 10/10 levels left

rFire    + . .     SeeInvis .   a - +2 war axe
rCold    x . .     Gourm    .   y - +1 large shield
rNeg     . . .     Faith    .   i - +0 plate armour
rPois    .         Spirit   .   (helmet restricted)
rElec    .         Reflect  .   H - +0 cloak
rCorr    .         Harm     .   (no gloves)
MR       .....                  (no boots)
Stlth    ..........             (no amulet)
HPRegen  0.26/turn              j - ring of fire
MPRegen  0.12/turn              (no ring)

@: lethally poisoned (-2 -> -9), about to teleport, slowed, drained, very slow
A: retaliatory headbutt, horns 2
a: Berserk, Trog's Hand, Brothers in Arms, Renounce Religion


You were on level 10 of the Dungeon.
You worshipped Trog.
Trog was greatly pleased with you.
You were not hungry.

You visited 3 branches of the dungeon, and saw 12 of its levels.

You collected 556 gold pieces.

Inventory:

Hand Weapons
 a - a +2 war axe (weapon)
 b - a +3 flail
 c - a +4 mace
 q - a +1 flail of draining
 A - a +2 mace of draining
Missiles
 P - 3 javelins (quivered)
Armour
 i - a +0 plate armour (worn)
 y - a +1 large shield (worn)
 H - a +0 cloak (worn)
Jewellery
 j - a ring of fire (left hand)
Wands
 n - a wand of random effects (55)
 u - a wand of enslavement (31)
 B - a wand of polymorph (23)
 K - a wand of paralysis (19)
 L - a wand of flame (117)
Scrolls
 e - 7 scrolls of teleportation
 h - 2 scrolls of fog
 l - a scroll of immolation
 o - 2 scrolls of enchant armour
 r - 2 scrolls of identify
 C - a scroll of magic mapping
 E - 2 scrolls of blinking
 M - a scroll of remove curse
Potions
 d - a potion of might
 g - a potion of mutation {unknown}
 k - 2 potions of ambrosia {unknown}
 m - a potion of cancellation {unknown}
 p - 4 potions of heal wounds {unknown}
 s - 3 potions of curing {unknown}
 t - 3 potions of magic {unknown}
 v - a potion of resistance {unknown}
 x - 2 potions of flight {unknown}
 z - a potion of brilliance {unknown}
 D - a potion of berserk rage {unknown}
 F - a potion of lignification {unknown}
Comestibles
 f - 18 rations
 w - 14 chunks of flesh


   Skills:
 + Level 10.0(8.9) Fighting
 * Level 13.0(11.8) Axes
 + Level 10.1(8.9) Armour
 + Level 10.0(8.9) Shields


You had 10 spell levels left.
You didn't know any spells.
Your spell library contained the following spells:

 Spells                   Type           Power        Failure   Level  Hunger
 Shadow Creatures         Summ           N/A          100%        6    #######
 Ensorcelled Hibernation  Hex/Ice        #.....       100%        2    ###....
 Silence                  Hex/Air        #.........   100%        5    ######.
 Darkness                 Hex            #.........   100%        6    #######
 Borgnjor's Vile Clutch   Necr/Erth      #.........   100%        5    ######.


Dungeon Overview and Level Annotations

Branches:
Dungeon (10/15)            Temple (1/1) D:6            Lair (1/6) D:8
    Orc (0/2) D:10

Altars:
Ashenzari
Cheibriados
Dithmenos
Elyvilon
Fedhas
Gozag
Hepliaklqana
Kikubaaqudgha
Makhleb
Nemelex Xobeh
Okawaru
Qazlal
Ru
Sif Muna
Trog
Uskayaw
Vehumet
Wu Jian
Xom
Zin
The Shining One
Beogh


Innate Abilities, Weirdness & Mutations

You reflexively headbutt those who attack you in melee.
You have a pair of horns on your head.


Message History

You feel very sick. You block the hornet's attack. x3
The hornet stings you but does no damage.
Okay, then.
Evoke which item? (* to show all) (? for menu, Esc to quit)
Okay, then.
As you read the scroll of teleportation, it crumbles to dust.
You feel strangely unstable.
* * * LOW HITPOINT WARNING * * *
You feel sick.
The hornet stings you but does no damage.
You block the hornet's attack.
The hornet stings you but does no damage.
You block the hornet's attack.
Some of the chunks of flesh in your inventory have rotted away.
* * * LOW HITPOINT WARNING * * *
You feel sick.
The hornet stings you but does no damage.
The hornet stings you!
You die...

######...............(..[.......
#.###.......##############. #.#
#.......# ........###. #.#
######### ............ #.#
........#### #.###### ###
#####....... #......#####.# .#
######## #.........†..##.#
#.........@y...#
#..........y.##.# #............#
# ........####### #.######## #.
#


You could see 2 hornets.

Vanquished Creatures
  A deep elf mage (D:10)
  A black mamba (Lair:1)
  A spiny frog (Lair:1)
  A komodo dragon (D:8)
  Prince Ribbit (D:9)
  Grinder (D:6)
  A hornet (D:10)
  A blink frog (D:8)
  3 hippogriffs
  Sigmund (D:6)
  6 yaks (Lair:1)
  3 hungry ghosts
  A soldier ant (D:10)
  2 porcupines (Lair:1)
  An ice beast (D:6)
  3 sky beasts
  A necrophage (D:6)
  2 phantoms
  A black bear (D:8)
  A swamp drake (D:10)
  An orc warrior (D:7)
  9 ogres
  5 centaurs
  4 bullfrogs
  A wyvern zombie (D:9)
  2 troll zombies (D:10)
  5 scorpions
  5 wights (D:9)
  3 centaur zombies
  2 crimson imps
  A bullfrog zombie (D:5)
  2 quasits
  3 hounds
  A jelly (D:7)
  Crazy Yiuf (D:6)
  5 orc priests
  2 bullfrog skeletons
  An iron imp (D:10)
  Terence (D:2)
  3 iguanas
  17 orc wizards
  5 worker ants
  4 ogre zombies (D:10)
  A hound zombie (D:6)
  A howler monkey skeleton (D:5)
  11 adders
  5 shadow imps
  A white imp (D:10)
  An ooze (D:6)
  4 adder skeletons
  3 worms
  A dart slug (D:2)
  8 leopard geckos
  37 orcs
  6 giant cockroaches
  5 hobgoblins
  2 jackals (D:10)
  3 quokkas
  6 bats
  3 frilled lizards
  4 goblins
  2 goblin zombies (D:10)
  3 hobgoblin skeletons (D:10)
  4 hobgoblin zombies (D:10)
  4 kobolds
  An orc skeleton (D:10)
  12 orc zombies (D:10)
  7 rats
  2 plants (D:8)
253 creatures vanquished.

Vanquished Creatures (others)
  A bullfrog skeleton (D:10)
  2 orc wizards
  A shadow imp (D:10)
  2 orcs (D:10)
  2 fungi (Lair:1)
  A plant (Lair:1)
9 creatures vanquished.

Grand Total: 262 creatures vanquished

Notes
Turn   | Place    | Note
-------+----------+-------------------------------------------
     0 | D:1      | Hebeh the Minotaur Fighter began the quest for the Orb.
     0 | D:1      | Reached XP level 1. HP: 19/19 MP: 0/0
   202 | D:1      | Reached XP level 2. HP: 27/27 MP: 1/1
   577 | D:2      | Reached skill level 3 in Axes
   610 | D:2      | Reached XP level 3. HP: 27/33 MP: 2/2
   750 | D:2      | Found an iron altar of Okawaru.
  1082 | D:2      | Noticed Terence
  1095 | D:2      | Killed Terence
  1095 | D:2      | Reached skill level 4 in Axes
  1095 | D:2      | Reached XP level 4. HP: 29/40 MP: 3/3
  1435 | D:3      | Reached XP level 5. HP: 37/47 MP: 4/4
  2316 | D:4      | Noticed a sky beast
  2332 | D:4      | Killed a sky beast
  2332 | D:4      | Reached skill level 5 in Axes
  2332 | D:4      | Reached skill level 5 in Armour
  2332 | D:4      | Reached XP level 6. HP: 30/55 MP: 5/5
  2550 | D:4      | Reached skill level 5 in Fighting
  2550 | D:4      | Reached skill level 5 in Shields
  3442 | D:5      | Entered Level 5 of the Dungeon
  3458 | D:5      | Reached skill level 6 in Axes
  3458 | D:5      | Reached XP level 7. HP: 4/61 MP: 6/6
  3458 | D:5      | HP: 2/61 [crimson imp (2)]
  3467 | D:5      | HP: 2/61 [crimson imp (3)]
  4517 | D:6      | Reached skill level 7 in Axes
  4552 | D:6      | Reached XP level 8. HP: 21/70 MP: 7/7
  4812 | D:6      | Noticed Sigmund
  4824 | D:6      | Killed Sigmund
  4892 | D:6      | Reached skill level 8 in Axes
  4945 | D:6      | Found a staircase to the Ecumenical Temple.
  5053 | D:6      | Noticed Grinder
  5062 | D:6      | Paralysed by Grinder for 5 turns
  5072 | D:6      | Killed Grinder
  5072 | D:6      | Reached skill level 9 in Axes
  5092 | Temple   | Entered the Ecumenical Temple
  5190 | Temple   | Became a worshipper of Trog the Wrathful
  5229 | D:6      | Found a runed door.
  5429 | D:6      | Noticed Crazy Yiuf
  5432 | D:6      | Killed Crazy Yiuf
  5432 | D:6      | Reached XP level 9. HP: 79/79 MP: 8/8
  6134 | D:7      | Reached skill level 10 in Axes
  6179 | D:7      | Found a transporter.
  6529 | D:7      | Found a roughly hewn altar of Beogh.
  6532 | D:7      | Found a transporter.
  6544 | D:7      | Reached * piety under Trog
  6601 | D:7      | Got a slimy rapier
  7076 | D:8      | Identified the +4 rapier "Sudel" {pierce, Dex+4} (You found it on level 7 of the Dungeon)
  7288 | D:8      | Found a staircase to the Lair.
  7290 | D:8      | Noticed a komodo dragon
  7313 | D:8      | Killed a komodo dragon
  7313 | D:8      | Reached skill level 11 in Axes
  7320 | Lair:1   | Entered Level 1 of the Lair of Beasts
  7358 | Lair:1   | Reached XP level 10. HP: 90/90 MP: 9/9
  7369 | Lair:1   | Reached ** piety under Trog
  7443 | Lair:1   | Noticed a black mamba
  7454 | Lair:1   | Killed a black mamba
  7811 | Lair:1   | Found a frozen archway.
  7813 | Lair:1   | Noticed a spiny frog
  7820 | Lair:1   | Killed a spiny frog
  8171 | D:8      | Reached skill level 12 in Axes
  8837 | D:9      | Noticed Prince Ribbit
  8861 | D:9      | Killed Prince Ribbit
  9062 | D:10     | Entered Level 10 of the Dungeon
  9093 | D:10     | Reached *** piety under Trog
  9140 | D:10     | Found a staircase to the Orcish Mines.
  9163 | D:10     | Reached XP level 11. HP: 74/99 MP: 10/10
  9197 | D:10     | Noticed a deep elf mage
  9227 | D:10     | Killed a deep elf mage
  9231 | D:10     | Reached skill level 10 in Fighting
  9231 | D:10     | Reached skill level 10 in Armour
  9246 | D:10     | Reached **** piety under Trog
  9348 | D:10     | Reached skill level 10 in Shields
  9688 | D:10     | Reached skill level 13 in Axes
  9752 | D:10     | Paralysed by a hornet for 3 turns
  9775 | D:10     | Slain by a hornet

Vault maps used:
D:1:      minmay_arrival_solitary_statue
D:2:      lemuel_crystal_altar, uniq_terence
D:4:      portal_sewer_entry_f
D:5:      first_ration
D:6:      minmay_temple_entry_statues_fountains, uniq_sigmund,
          uniq_crazy_yiuf_cottage, uniq_grinder
D:7:      gammafunk_beogh_shrine
D:8:      david_lair_shrubbed
D:9:      uniq_prince_ribbit1
D:10:     zombieorc2_lemuel, hangedman_pestilent_swarm, hangedman_minor_magic,
          uniq_maurice
Temple:   regret_index_temple_sigil_plot
Lair:1:   portal_ice_cave_entry_pillars_1, uniq_gastronok

Skill      XL: |  1  2  3  4  5  6  7  8  9 10 11 |
---------------+----------------------------------+-----
Axes           | 3 4 5 6 7 9 11 12 13 | 13.0
Fighting       | 4 5 6 7 8 9 10 | 10.0
Armour         | 4 5 6 7 8 9 10 | 10.1
Shields        | 4 5 6 7 8 9 10 | 10.0

Action                   |  1- 3 |  4- 6 |  7- 9 | 10-12 || total
-------------------------+-------+-------+-------+-------++-------
Melee: War axe           |    86 |   117 |   308 |   330 ||   841
       Headbutt          |     9 |    23 |    46 |    52 ||   130
       Mace              |       |     6 |       |       ||     6
       Unarmed           |       |       |     4 |       ||     4
  Use: Scroll            |       |    11 |     6 |     6 ||    23
 Stab: Distracted        |       |       |       |     1 ||     1
  Eat: Chunk             |     1 |     4 |     5 |    13 ||    23
       Ration            |       |     1 |     2 |     1 ||     4
Armor: Scale mail        |    47 |    47 |    29 |       ||   123
       Plate armour      |       |       |   104 |   117 ||   221
Dodge: Dodged            |    21 |    20 |    34 |    30 ||   105
Block: Shield            |    46 |    16 |       |       ||    62
       Large shield      |       |    73 |   274 |   308 ||   655

Table legend:
 A = Spawn XP
 B = Non-spawn XP
 C = Spawn XP percentage of total XP
 D = Spawn monster count
 E = Non-spawn monster count
 F = Spawn count percentage of total count
 G = Total turns spent on level
                    A         B        C        D         E        F      G
               +---------+---------+-------+---------+---------+-------+---------
         Total |       0 |   12976 |   0.0 |       0 |     251 |   0.0 |  9775
               +---------+---------+-------+---------+---------+-------+---------
           D:1 |       0 |      16 |   0.0 |       0 |      10 |   0.0 |   539
           D:2 |       0 |     115 |   0.0 |       0 |      19 |   0.0 |   833
           D:3 |       0 |     180 |   0.0 |       0 |      17 |   0.0 |   944
           D:4 |       0 |     312 |   0.0 |       0 |      22 |   0.0 |  1126
           D:5 |       0 |     499 |   0.0 |       0 |      15 |   0.0 |  1068
           D:6 |       0 |    1716 |   0.0 |       0 |      32 |   0.0 |   915
           D:7 |       0 |    1801 |   0.0 |       0 |      31 |   0.0 |  1254
           D:8 |       0 |     947 |   0.0 |       0 |      11 |   0.0 |   704
           D:9 |       0 |    1983 |   0.0 |       0 |      25 |   0.0 |   723
          D:10 |       0 |    2739 |   0.0 |       0 |      57 |   0.0 |   713
        Lair:1 |       0 |    2668 |   0.0 |       0 |      12 |   0.0 |   846
               +---------+---------+-------+---------+---------+-------+---------
